 Dungeon Crawl Stone Soup version 0.20.1-1-g8b1a95d (webtiles) character file.

541 Crownlay the Cleaver (level 7, -1/60 HPs)
             Began as a Hill Orc Fighter on July 15, 2017.
             Slain by a mummy (15 damage)
             ... in an ossuary on July 17, 2017.
             The game lasted 00:13:33 (3318 turns).

Crownlay the Cleaver (Hill Orc Fighter)             Turns: 3318, Time: 00:13:35

Health: -1/60      AC: 12    Str: 19    XL:     7   Next: 26%
Magic:  7/7        EV:  7    Int:  8    God:
Gold:   152        SH:  9    Dex: 12    Spells: 6/6 levels left

rFire    + . .     SeeInvis .   a - +0 war axe
rCold    + . .     Gourm    .   c - +0 shield
rNeg     . . .     Faith    .   w - +4 scale mail {rF+}
rPois    .         Spirit   .   (no helmet)
rElec    .         Reflect  .   (no cloak)
rCorr    .         Harm     .   (no gloves)
MR       .....                  n - +0 pair of boots
Stlth    ..........             (no amulet)
Regen    0.2/turn               q - ring of protection from cold
MPRegen  0.1/turn               (no ring)

@: no status effects
A: no striking features
a: no special abilities


You were in an ossuary.
You were not hungry.

You visited 1 branch of the dungeon, and saw 4 of its levels.
You also visited: Ossuary.

You collected 152 gold pieces.

Inventory:

Hand Weapons
 a - a +0 war axe (weapon)
Armour
 c - a +0 shield (worn)
 n - a +0 pair of boots (worn)
 w - a +4 scale mail of fire resistance (worn)
Jewellery
 j - an uncursed ring of protection from magic {unknown}
 q - a ring of protection from cold (left hand)
 v - a cursed amulet of inaccuracy {unknown}
 z - an uncursed amulet of faith {unknown}
Scrolls
 b - a scroll of blinking
 e - 4 scrolls of identify
 l - a scroll of amnesia
 m - a scroll of fog {unknown}
 t - 2 scrolls of recharging {unknown}
 y - a scroll of enchant weapon {unknown}
 A - 4 scrolls of teleportation {unknown}
Potions
 d - a potion of might
 g - 6 potions of curing {unknown}
 h - a potion of resistance {unknown}
 o - 2 potions of magic {unknown}
 p - 2 potions of heal wounds {unknown}
 r - 3 potions of haste {unknown}
 s - a potion of agility {unknown}
 u - 2 potions of berserk rage {unknown}
 B - a potion of cancellation {unknown}
 C - a potion of invisibility {unknown}
 D - a potion of lignification {unknown}
Comestibles
 f - 6 bread rations
 i - 5 meat rations
 k - 4 chunks of flesh
 x - 2 royal jellies


   Skills:
 + Level 4.6 Fighting
 * Level 8.2 Axes
 + Level 4.1 Armour
 + Level 4.6 Shields


You had 6 spell levels left.
You didn't know any spells.

Dungeon Overview and Level Annotations

Branches:
Dungeon (4/15)
 Temple: D:4-7

Altars:
Ru


Message History

You hit the mummy but do no damage.
The mummy is moderately damaged.
You barely miss the mummy. You slash the mummy!
The mummy hits you but does no damage.
You barely miss the mummy.
The mummy is moderately damaged.
You hit the mummy.
Your shield and scale mail prevent you from hitting the mummy.
The mummy barely misses you. The mummy hits you!
You hit the mummy but do no damage.
The mummy is moderately damaged.
You hit the mummy. You hit the mummy but do no damage.
The mummy hits you but does no damage. x2; You block the mummy's attack.
You slash the mummy!
The mummy is almost destroyed.
You hit the mummy but do no damage. You barely miss the mummy.
The mummy hits you!
* * * LOW HITPOINT WARNING * * *
The mummy hits you!
You die...

####
#M.######
##@.....#
#MM.∩.∩.+
##......#
#..######
####


You could see 3 mummies.

Vanquished Creatures
  The ghost of Agrougrou the Chopper, an amateur DsMo (D:3)
  A phantom (D:4)
  An ogre (D:4)
  An orc wizard (D:3)
  An iguana (D:4)
  Terence (D:2)
  A hound skeleton (D:4)
  2 adders
  An adder skeleton (D:4)
  5 worms
  2 dart slugs (D:1)
  2 leopard geckos
  4 orcs
  12 bats
  9 giant cockroaches
  17 goblins
  12 hobgoblins
  A jackal (D:3)
  5 quokkas
  4 frilled lizards
  7 kobolds
  6 rats
96 creatures vanquished.

Notes
Turn   | Place    | Note
-------+----------+-------------------------------------------
     0 | D:1      | Crownlay the Hill Orc Fighter began the quest for the Orb.
     0 | D:1      | Reached XP level 1. HP: 19/19 MP: 1/1
   274 | D:1      | Reached XP level 2. HP: 27/27 MP: 2/2
   575 | D:1      | Reached skill level 3 in Axes
   666 | D:1      | Reached XP level 3. HP: 28/33 MP: 3/3
  1475 | D:2      | Reached skill level 4 in Axes
  1475 | D:2      | Reached XP level 4. HP: 38/40 MP: 4/4
  1504 | D:2      | Noticed Terence
  1510 | D:2      | Killed Terence
  2083 | D:3      | Reached skill level 5 in Axes
  2121 | D:3      | Noticed Agrougrou's ghost (amateur DsMo)
  2143 | D:3      | Killed Agrougrou's ghost
  2143 | D:3      | Reached skill level 6 in Axes
  2143 | D:3      | Reached XP level 5. HP: 21/46 MP: 5/5
  2143 | D:3      | Reached XP level 6. HP: 24/52 MP: 6/6
  2357 | D:3      | Found a sacrificial altar of Ru.
  2982 | D:4      | Noticed a phantom
  2989 | D:4      | Reached skill level 7 in Axes
  3008 | D:4      | Killed a phantom
  3008 | D:4      | Reached skill level 8 in Axes
  3008 | D:4      | Reached XP level 7. HP: 34/60 MP: 7/7
  3302 | D:4      | Found a sand-covered staircase.
  3309 | Ossuary  | Entered an ossuary
  3318 | Ossuary  | Slain by a mummy

Skill      XL: |  1  2  3  4  5  6 |
---------------+-------------------+-----
Axes           | 3 4 6 8 |  8.2
Fighting       | 4 |  4.6
Shields        | 4 |  4.6
Armour         | 4 |  4.1

Action                   |  1- 3 |  4- 6 |  7- 9 || total
-------------------------+-------+-------+-------++-------
Melee: War axe           |   140 |   180 |    35 ||   355
  Use: Scroll            |       |     9 |       ||     9
 Stab: Paralysed         |       |     1 |       ||     1
  Eat: Chunk             |     2 |     5 |     1 ||     8
Armor: Scale mail        |    70 |    95 |    13 ||   178
Dodge: Dodged            |    47 |    56 |    13 ||   116
Block: Shield            |    65 |    90 |     9 ||   164
